Map: Paladino Terminal LE

Players

HeroicOne

  • Race: Zerg Zerg
  • League: Bronze
  • Spawn Location: 9:00

Juxtapose - Winner!

  • Race: Protoss Protoss
  • Spawn Location: 5:00

VOD

https://youtu.be/UrR6AKtUQHw

Description

My second Unranked match, this one saw a Race reversal as I got Protoss (who seem to be my best in StarCraft II: Legacy of the Void) and my opponent chose Zerg.

This was a very fun match.

Time

  • Played on: Feb. 25, 2017, 5:13 p.m.
  • Length: 14:10
Show
View Real Time Build Order
Export as new Build Order

HeroicOne Zerg 

Build Orders: Hatch First 

Get SALT Encoding   

  12  0:08  Drone x2  
  14  0:18  Overlord  
  14  0:39  Drone x2  
  14  0:42  Drone  
  17  0:58  Hatchery  
  17  1:02  Drone  
  17  1:13  Drone  
  18  1:23  Spawning Pool  
  17  1:27  Drone x2  
  19  1:45  Drone  
  19  1:46  Drone  
  21  2:05  Drone  
  22  2:20  Extractor  
  22  2:21  Zergling x4  
  22  2:22  Queen  
  25  2:29  Drone x2  
  27  2:37  Zergling x2  
  27  2:40  Overlord  
  28  2:54  Extractor  
  28  2:58  Queen  
  27  3:05  Zergling x4  
  31  3:10  Drone x3  
  34  3:21  Drone  
  35  3:35  Drone  
  35  3:36  Overlord  
  36  3:45  Pneumatized Carapace  
  36  4:09  Hatchery  
  35  4:20  Zergling x2  
  35  4:21  Zergling x16  
  43  4:32  Queen  
  38  4:56  Overlord x2  
  38  4:57  Overlord  
  38  5:06  Queen  
  40  5:09  Metabolic Boost  
  40  5:11  Drone  
  40  5:12  Drone x2  
  43  5:21  Drone  
  44  5:33  Evolution Chamber  
  43  5:52  Queen  
  43  5:53  Drone x2  
  47  6:02  Zerg Melee Weapons Level 1  
  47  6:18  Drone x2  
  47  6:24  Drone x3  
  52  6:29  Baneling Nest  
  52  6:31  Zergling x2  
  52  6:32  Zergling x16  
  60  6:41  Drone  
  60  6:45  Overlord x3  
  61  6:50  Lair  
  61  6:53  Zergling x2  
  61  6:54  Zergling x6  
  65  7:30  Drone x3  
  68  7:44  Drone x5  
  69  7:45  Drone  
  69  7:47  Extractor  
  73  8:11  Zergling x2  
  73  8:12  Zergling x36  
  68  8:43  Zerg Ground Armor Level 1  
  68  8:50  Zergling x2  
  68  8:51  Zergling x10  
  64  9:17  Hatchery, Baneling Nest  
  62  9:25  Hatchery  
  61  9:33  Drone x3  
  64  10:01  Zergling x2  
  64  10:02  Zergling x4  
  64  10:03  Spire  
  64  10:05  Extractor  
  65  10:08  Queen  
  67  10:29  Drone  
  68  10:45  Drone  
  69  11:11  Drone x2  
  71  11:14  Zergling x2  
  71  11:15  Zergling x16  
  71  11:17  Baneling x13  
  71  11:18  Baneling x21  
  80  11:20  Centrifical Hooks  
  76  11:56  Drone x3  
  79  12:11  Hatchery  
  79  12:13  Drone  
  79  12:15  Extractor  
  79  12:16  Queen  
  79  12:17  Extractor  
  62  12:40  Zergling x24  
  50  13:15  Zergling x2  
  50  13:16  Zergling x28  
Show
View Real Time Build Order
Export as new Build Order

Juxtapose Protoss - Winner!

Build Orders:  

Get SALT Encoding   

  12  0:02  Probe (Chrono Boost)  
  13  0:18  Pylon  
  13  0:20  Probe (Chrono Boost)  
  14  0:30  Probe (Chrono Boost)  
  15  0:41  Probe (Chrono Boost)  
  16  0:47  Gateway  
  16  0:51  Probe (Chrono Boost)  
  17  1:02  Probe (Chrono Boost)  
  18  1:07  Pylon  
  18  1:12  Probe (Chrono Boost)  
  19  1:22  Assimilator  
  19  1:23  Probe (Chrono Boost)  
  20  1:33  Probe (Chrono Boost)  
  20  1:37  Zealot  
  23  1:44  Probe (Chrono Boost)  
  24  1:47  Gateway  
  24  1:54  Probe (Chrono Boost)  
  24  1:59  Pylon  
  25  2:04  Zealot  
  27  2:08  Cybernetics Core  
  27  2:22  Probe (Chrono Boost)  
  28  2:25  Assimilator  
  28  2:31  Zealot  
  28  2:34  Pylon  
  28  2:36  Forge  
  30  2:38  Probe (Chrono Boost)  
  30  2:43  Zealot  
  33  3:00  Warp Gate  
  33  3:06  Pylon  
  33  3:12  Zealot x2  
  37  3:22  Mothership Core (Chrono Boost)  
  39  3:34  Protoss Ground Weapons Level 1  
  39  3:39  Stalker x2  
  43  3:46  Twilight Council  
  43  4:14  Robotics Facility  
  43  4:16  Pylon  
  41  4:50  Stalker x2  
  35  4:55  Blink  
  35  5:08  Gateway  
  35  5:15  Immortal  
  35  5:20  Protoss Ground Armor Level 1  
  39  5:48  Nexus  
  39  5:50  Pylon  
  39  5:53  Pylon  
  39  5:58  Immortal  
  43  6:32  Sentry  
  45  6:37  Immortal  
  49  6:55  Photon Cannon  
  49  6:56  Protoss Ground Weapons Level 2  
  49  6:57  Photon Cannon  
  49  6:59  Photon Cannon  
  50  7:01  Probe (Chrono Boost)  
  50  7:02  Photon Cannon  
  50  7:12  Probe (Chrono Boost)  
  51  7:21  Sentry  
  51  7:22  Probe (Chrono Boost)  
  54  7:30  Stalker  
  54  7:31  Stalker  
  54  7:33  Probe (Chrono Boost)  
  59  7:51  Assimilator  
  59  7:54  Assimilator  
  55  8:30  Immortal  
  55  8:31  Stalker x2  
  39  9:10  Immortal  
  39  9:13  Stalker x2  
  39  9:14  Stalker  
  45  9:28  Protoss Ground Armor Level 2  
  45  9:48  Stalker  
  45  9:49  Immortal  
  51  10:07  Robotics Bay  
  51  10:17  Stalker x3  
  57  10:30  Probe (Chrono Boost)  
  58  10:41  Probe (Chrono Boost)  
  59  10:43  Stalker x3  
  65  10:54  Disruptor  
  72  12:02  Colossus  
  72  12:04  Nexus  
  72  12:05  Stalker x2  
  72  12:06  Pylon  
  78  12:08  Stalker  
  78  12:10  Pylon  
  66  12:55  Stalker x2  
  66  12:56  Observer, Stalker  
  73  13:47  Probe (Chrono Boost)  
  74  13:51  Stalker x3  
  76  13:58  Probe (Chrono Boost)  
Tags
 
Add a new tag
Caveats
  • Supply blocks, unpowered buildings, or Contaminate may cause inaccurate times.
  • Supply counts are checked every 10 seconds.